AoeStats
← DKing

Arena

509932311Analyzed
4v4 RM · 4d ago on Sep 28, 2026· 40m 26s· 8 players
Game mode
Random Map
Map size
Large (8 player)
Population
200
Speed
Normal
Resources
Standard
Victory
Conquest
Starting age
Dark Age
Ending age
Imperial Age
RankedLock teamsTeams togetherTeam positionsShared explorationLock speedFull tech treeHidden civsTurbo modeCheats
Victory
Defeat
🇦🇷 Varangians · Argentina
1374
+14
🇺🇸 Teutons · United States
1355
+15
🇫🇷 Huns · France
1272
+19
🇺🇸 Romans · United States
1257
+19
🇩🇪 Danes · Germany
1394
-19
🇩🇪 Vietnamese · Germany
1337
-17
🇵🇹 Goths · Portugal
1308
-16
🇬🇷 Britons · Greece
1285
-15
Heiner
5:26 Loom
8:31 Feudal Age
10:41 Double-Bit Axe
15:49 Fletching
26:12 Horse Collar
34:49 Castle Age
33:44 Padded Archer Armor
34:13 Gold Mining
35:50 Thumb Ring
Konni
4:42 Loom
11:02 Feudal Age
11:49 Double-Bit Axe
14:31 Castle Age
13:16 Horse Collar
15:43 Bow Saw
16:06 Town Watch
16:08 Loom
20:14 Wheelbarrow
20:06 Man-at-Arms
21:21 Scale Mail Armor
22:16 Squires
22:42 Hand Cart
25:48 Masonry
29:53 Imperial Age
29:19 Pikeman
30:13 Gold Mining
30:13 Stone Mining
30:06 Onager
31:28 Heavy Plow
32:13 Forging
32:37 Conscription
32:09 Halberdier
33:28 Gold Mining
36:14 Scale Barding Armor
36:31 Chain Mail Armor
38:32 Plate Mail Armor
37:24 Northmen's Fury
39:43 Siege Onager
DKing
4:26 Loom
11:08 Feudal Age
15:59 Castle Age
15:01 Double-Bit Axe
14:57 Horse Collar
17:39 Wheelbarrow
19:58 Heavy Plow
20:31 Bow Saw
21:16 Stone Mining
25:46 Hand Cart
25:56 Fletching
30:12 Imperial Age
28:27 Scale Mail Armor
28:37 Forging
29:14 Squires
28:34 Man-at-Arms
28:35 Pikeman
29:12 Long Swordsman
30:32 Gold Mining
30:56 Two-Handed Swordsman
34:23 Chemistry
34:06 Padded Archer Armor
33:32 Halberdier
34:51 Conscription
mojotzotzo
9:55 Feudal Age
13:35 Castle Age
11:43 Double-Bit Axe
11:53 Horse Collar
14:36 Bow Saw
14:27 Heavy Plow
15:38 Loom
19:27 Stone Mining
21:02 Gold Mining
21:53 Wheelbarrow
27:42 Imperial Age
25:23 Fletching
25:33 Padded Archer Armor
26:06 Ballistics
25:57 Masonry
26:29 Yeomen
26:57 Bodkin Arrow
27:17 Leather Archer Armor
29:24 Hoardings
28:50 Bracer
29:51 Chemistry
29:26 Architecture
30:42 Ring Archer Armor
31:12 Conscription
31:26 Siege Engineers
31:18 Elite Longbowman
33:38 Fortified Wall
33:48 Forging
33:38 Scale Mail Armor
34:04 Murder Holes
33:48 Pikeman
34:23 Halberdier
35:44 Iron Casting
36:35 Squires
39:14 Blast Furnace
38:29 Chain Mail Armor
38:45 Arson
40:01 Man-at-Arms
40:26 Gambesons
40:57 Chain Mail Armor
SAMOAN SHOTGUN
10:43 Feudal Age
10:48 Feudal Age
12:29 Double-Bit Axe
15:07 Castle Age
16:22 Bow Saw
31:12 Fortified Wall
31:23 Ballistics
34:39 Imperial Age
31:57 Loom
32:51 Wheelbarrow
34:42 Heavy Scorpion
36:44 Chemistry
35:49 Siege Engineers
meh
5:58 Loom
8:06 Feudal Age
10:18 Fletching
25:06 Castle Age
31:01 Imperial Age
29:01 Double-Bit Axe
30:09 Sanctity
30:47 Fervor
31:18 Wheelbarrow
31:31 Gold Mining
33:30 Block Printing
36:03 Hand Cart
36:00 Bow Saw
35:50 Town Watch
36:14 Scale Mail Armor
36:25 Forging
36:51 Redemption
38:00 Conscription
38:07 Horse Collar
38:47 Elite Teutonic Knight
39:45 Chain Mail Armor
40:05 Iron Casting
40:05 Illumination
39:48 Squires
39:40 Arson
41:09 Plate Mail Armor
40:06 Pikeman
CTM | Severo24cm
9:43 Feudal Age
14:01 Castle Age
12:37 Horse Collar
13:28 Double-Bit Axe
21:12 Heavy Plow
22:16 Bow Saw
21:55 Loom
25:50 Wheelbarrow
29:17 Imperial Age
27:52 Scale Mail Armor
28:02 Forging
28:03 Squires
27:49 Arson
28:26 Stone Mining
28:26 Gold Mining
28:55 Fletching
29:05 Padded Archer Armor
28:58 Town Watch
30:04 Hand Cart
30:22 Chain Mail Armor
30:52 Iron Casting
30:12 Capped Ram
31:10 Treadmill Crane
31:27 Murder Holes
31:43 Siege Engineers
32:16 Elite Varangian Guard
32:40 Gothikon
34:15 Plate Mail Armor
34:44 Stone Shaft Mining
35:39 Blast Furnace
35:03 Conscription
36:28 Siege Ram
38:36 Ballistics
39:16 Chemistry
38:27 Fortified Wall
38:27 Masonry
STABYLO
10:46 Feudal Age
11:29 Double-Bit Axe
14:25 Castle Age
12:41 Horse Collar
15:25 Bow Saw
18:14 Town Watch
19:36 Heavy Plow
24:02 Loom
27:25 Imperial Age
25:36 Wheelbarrow
27:34 Hand Cart
27:39 Gold Mining
27:40 Stone Mining
28:02 Scale Barding Armor
28:11 Bloodlines
28:26 Husbandry
29:30 Two-Man Saw
29:06 Marauders
29:27 Conscription
28:29 Elite Tarkan
29:52 Chain Barding Armor
30:37 Gold Shaft Mining
31:14 Plate Barding Armor
30:50 Forging
35:16 Iron Casting
35:22 Fletching
35:54 Ballistics
37:08 Blast Furnace
36:00 Fletching
37:12 Chemistry
39:15 Bodkin Arrow
40:01 Thumb Ring
40:23 Parthian Tactics
39:23 Heavy Cavalry Archer
40:37 Bracer
Connection lost

Rejoining the realm…

Still unreachable

The connection could not be restored.

Session expired

The server has moved on; the page needs a fresh start.